 Dungeon Crawl Stone Soup version 0.17.1-1-g73c8601 (webtiles) character file.

7 Implojin the Ducker (level 1, -2/9 HPs)
             Began as a Spriggan Transmuter on Apr 8, 2016.
             Slain by an adder (4 damage)
             ... on level 2 of the Dungeon.
             The game lasted 00:01:24 (215 turns).

Implojin the Ducker (Spriggan Transmuter)            Turns: 215, Time: 00:01:24

Health: -2/9       AC:  2    Str:  6    XL:     1   Next: 83%
Magic:  5/5        EV: 18    Int: 14    God:
Gold:   11         SH:  0    Dex: 16    Spells: 1 memorised, 4 levels left

rFire  . . .     SeeInvis +       - Unarmed
rCold  . . .     Clarity  .     b - +0 robe
rNeg   . . .     SustAt   .     (shield restricted)
rPois  .         Gourm    .     (helmet restricted)
rElec  .         Spirit   .     (no cloak)
rCorr  .         Warding  .     (gloves unavailable)
rMut   .         Stasis   .     (boots unavailable)
MR     .....                    (no amulet)
Stlth  +.........               (no ring)
                                (no ring)

@: very quick, not resistant to hostile enchantments, very unstealthy
A: unfitting armour, see invisible, herbivore 3, speed 3, slow metabolism 2
a: no special abilities


You were on level 2 of the Dungeon.
You were not hungry.

You visited 1 branch of the dungeon, and saw 2 of its levels.

You collected 11 gold pieces.

Inventory:

Missiles
 a - 12 arrows
Armour
 b - a +0 robe (worn)
Scrolls
 f - a scroll of teleportation {unknown}
Potions
 e - 2 potions of might {unknown}
 g - a potion of cure mutation {unknown}
 h - a potion of flight {unknown}
Books
 c - a book of Changes

   Spells                             Type                      Level
   a - Beastly Appendage              Transmutation                1
   b - Sticks to Snakes               Transmutation                2
   c - Spider Form                    Transmutation/Poison         3
   d - Ice Form                       Ice/Transmutation            4
   e - Blade Hands                    Transmutation                5
Comestibles
 d - a bread ration


   Skills:
 - Level 0.7 Fighting
 - Level 3.0 Dodging
 * Level 2.8 Unarmed Combat
 - Level 2.6 Spellcasting
 - Level 2.6 Transmutations


You had 4 spell levels left.
You knew the following spells:

 Your Spells              Type           Power        Failure   Level  Hunger
a - Beastly Appendage     Trmt           #.....       10%         1    #......


Dungeon Overview and Level Annotations

Branches:
Dungeon (2/15)

Altars:


Innate Abilities, Weirdness & Mutations

You are tiny and cannot use many weapons and most armour.
You have supernaturally acute eyesight.
You are a herbivore.
You cover ground extremely quickly.
You need consume almost no food.


Message History

You closely miss the bat.
The bat is moderately wounded.
The bat closely misses you.
Things that are here:
a club; a hobgoblin corpse The bat closely misses you.
The bat hits you but does no damage.
You hit the bat.
The bat is moderately wounded.
The bat barely misses you.
You hit the bat.
You kill the bat!
h - a fuming white potion A giant newt comes into view.
You hit the giant newt.
You kill the giant newt!
You see here a giant newt corpse.
A rat comes into view.
A bat and a kobold come into view.
The kobold shouts!
The bat moves out of view.
The kobold throws a stone.
The stone closely misses you.
The kobold moves out of view.
Found a stone staircase leading down.
A bat comes into view.
The bat misses you. The bat completely misses you. The bat hits you.
* * * LOW HITPOINT WARNING * * *
There is a stone staircase leading down here.
You miss the bat. The bat closely misses you. The bat misses you.
You hit the bat.
You kill the bat!
You climb downwards.
An adder comes into view.
Found 19 gold pieces.
Found a stone staircase leading up.
There is a stone staircase leading up here.
The helpless adder fails to defend itself.
You hit the adder but do no damage. The adder bites you.
You die...

.....#..
.....#^
...<..
#$...
##...
... ##.#
#.@#
##.S#
##.$.
.#.#
.#... ##
#.# ...
#.


You could see an adder.

Vanquished Creatures
  2 bats (D:1)
  A hobgoblin (D:1)
  2 giant newts (D:1)
  A kobold (D:1)
  A rat (D:1)
7 creatures vanquished.

Notes
Turn   | Place    | Note
--------------------------------------------------------------
     0 | D:1      | Implojin the Spriggan Transmuter began the quest for the Orb.
     0 | D:1      | Reached XP level 1. HP: 9/9 MP: 5/5
   215 | D:2      | Slain by an adder

Action                   || total
-------------------------++-------
Melee: Unarmed           ||    26
 Cast: Beastly Appendage ||     1
 Stab: Sleeping          ||     1

Table legend:
 A = Turns spent in this place as a percentage of turns spent in the entire game.
 B = Non-inter-level travel turns spent in this place as a percentage of non-inter-level travel turns spent in the entire game.
 C = Inter-level travel turns spent in this place as a percentage of turns spent in this place.
 D = Turns resting spent in this place as a percentage of non-inter-level travel turns spent in this place.
 E = Turns spent auto-exploring this place as a percentage of non-inter-level travel turns spent in this place.
 F = Non-inter-level travel turns spent in this place divided by the number of levels of this place that you've seen.
                   A       B       C       D       E      F
               +-------+-------+-------+-------+-------+----------------------
         Total | 100.0 | 100.0 |   0.0 |   0.0 |   0.0 | 109.0
       Dungeon | 100.0 | 100.0 |   0.0 |   0.0 |   0.0 | 109.0
               +-------+-------+-------+-------+-------+----------------------

Table legend:
 A = Kills in this place as a percentage of kills in entire the game.
 B = Kills by you in this place as a percentage of kills by you in the entire game.
 C = Kills by friends in this place as a percentage of kills by friends in the entire game.
 D = Other kills in this place as a percentage of other kills in the entire game.
 E = Experience gained in this place as a percentage of experience gained in the entire game.
 F = Experience gained in this place divided by the number of levels of this place that you have seen.
                   A       B       C       D       E      F
               +-------+-------+-------+-------+-------+----------------------
         Total | 100.0 | 100.0 |  -nan |  -nan | 100.0 |   5.0
       Dungeon | 100.0 | 100.0 |  -nan |  -nan | 100.0 |   5.0
               +-------+-------+-------+-------+-------+----------------------
